and, neutral male human Monk G ...... G G ........ -.....[.[.. G G G G |.....@u... |<....aa.. --........ -...-... G f a and the Initiate Experience level: 8 Strength: 25 Dexterity: 16 Constitution: 14 Intelligence: 9 Wisdom: 13 Charisma: 10 Health: 0(54) Energy: 39(44) Def: 8 Gold: 1503 Moves: 10315 Dungeon seed: TguA1gVEQ3z1Jpkx Game ID: and_1548526303 Your Inventory: Coins $ - 1503 gold pieces Amulets G - an uncursed amulet versus poison Weapons e - 3 cursed -1 daggers i - 7 +0 orcish daggers p - a +1 dwarvish mattock r - 4 +0 daggers I - a blessed +2 elven dagger Armor n - an uncursed +1 robe (being worn) q - an uncursed +0 pair of gauntlets of power (being worn) z - a blessed +1 pair of high boots (being worn) X - an uncursed +0 helm of brilliance (being worn) Comestibles d - 3 uncursed food rations P - an uncursed lichen corpse W - 2 uncursed tripe rations Z - 2 uncursed lizard corpses Scrolls l - an uncursed scroll of magic mapping m - an uncursed scroll of enchant weapon D - an uncursed scroll of fire N - an uncursed scroll of identify Potions a - an uncursed potion of restore ability b - an uncursed potion of extra healing T - an uncursed potion of healing Rings c - an uncursed ring of searching h - an uncursed ring of regeneration k - a blessed +1 ring of increase accuracy (on right hand) s - an uncursed ring of searching (on left hand) H - a cursed -1 ring of gain constitution K - an uncursed ring of stealth Q - an uncursed ring of levitation U - an uncursed +1 ring of gain strength V - an uncursed ring of free action Wands o - a cursed wand of create monster (0:14) t - a wand of light (0:14) C - a cursed wand of lightning (0:6) F - a wand of teleportation (0:3) J - a wand of light (0:15) M - a wand of undead turning (0:7) O - a wand of nothing (0:4) Tools f - a +0 unicorn horn g - a blessed wax candle (0:400) j - an uncursed bag of holding v - an uncursed lock pick x - an uncursed leash E - 3 uncursed partly used wax candles (lit) (0:281) L - 5 blessed tallow candles (0:200) R - 6 uncursed tallow candles (0:200) S - an uncursed brass lantern (0:1387) Contents of the bag of holding: 3 uncursed scrolls of blank paper an uncursed scroll of create monster 3 uncursed scrolls of earth an uncursed scroll of food detection 2 uncursed scrolls of light an uncursed scroll of remove curse a blessed spellbook of healing a cursed potion of acid an uncursed potion of fruit juice an uncursed potion of monster detection an uncursed potion of oil a cursed potion of paralysis a cursed potion of speed 3 uncursed potions of water a magic marker (0:84) an uncursed skeleton key Spells and supernatural/magical abilities: Name Level Category Fail Memory h - healing 1 healing 0% 49% W - pray for help -- divine ? -- Your skills at the end: Fighting Skills martial arts [Skilled] Weapon Skills Spellcasting Skills healing spells [Basic] Final Attributes: You were piously aligned. You were sleep resistant. You were poison resistant. You were blinded. You saw invisible. You were telepathic. You were warned. You had automatic searching. You were stealthy. You had a +1 bonus to hit. You were fast. You are dead. Vanquished creatures: 2 giant mimics a large mimic a small mimic a dwarf king a quivering blob a leprechaun 2 lizards a dog a housecat 2 jaguars a blue jelly a white unicorn a raven 2 snakes a rock piercer a fog cloud 2 yellow lights 2 shriekers 3 gnome lords a black naga hatchling a golden naga hatchling a guardian naga hatchling a paper golem 3 giant ants 4 little dogs 5 floating eyes 2 kittens 6 dwarves 2 homunculi a kobold lord a kobold shaman 2 hill orcs a rothe 2 rabid rats a giant bat 3 orc zombies 2 dwarf zombies 2 wererats a werejackal 3 iguanas 2 killer bees 4 coyotes a gas spore a hobbit 2 manes a large kobold 3 hobgoblins 4 giant rats 7 cave spiders 2 brown molds 3 yellow molds 3 green molds 4 red molds 10 gnomes 3 garter snakes a gnome zombie 3 geckos 16 jackals 7 foxes 4 kobolds 7 goblins 9 sewer rats 9 grid bugs a bat 10 lichens 4 kobold zombies 24 newts 217 creatures vanquished. Voluntary challenges: You had followed a strict vegetarian diet until turn 2721. You were an atheist. You never hit with a wielded weapon. You read items or engraved 38 times, starting on turn 530. You never genocided any monsters. You never polymorphed an object. You never changed form. You used no wishes. You never split a pudding. You wrote Elbereth's name 26 times, starting on turn 530. You violated your moral code, losing 1 point of alignment, starting on turn 2721. Dungeon overview: The Dungeons of Doom: levels 1 to 8 Level 1 a fountain a long staircase Level 2 a general store Level 3 an armor shop, a fountain stairs to The Gnomish Mines Level 4 a fountain, a sink Level 5 many fountains Level 6 some fountains stairs to Sokoban Level 7 a fountain Level 8 The Gnomish Mines: levels 4 to 5 Level 4 stairs to The Dungeons of Doom Level 5 <- You were here Sokoban: levels 2 to 5 Level 2 Level 3 Level 4 Level 5 stairs to The Dungeons of Doom History has recorded: On T:1 you entered the Dungeons of Doom to retrieve the Amulet of Yendor! On T:127 you reached level 2 of The Dungeons of Doom. On T:558 you reached level 3 of The Dungeons of Doom. On T:1022 you advanced to experience level 2. On T:1407 you advanced to experience level 3. On T:1822 you advanced to experience level 4. On T:1969 you reached level 4 of The Dungeons of Doom. On T:2108 you reached level 1 of The Gnomish Mines. On T:2342 you advanced to experience level 5. On T:3141 you reached level 5 of The Dungeons of Doom. On T:3689 you reached level 6 of The Dungeons of Doom. On T:4412 you reached level 7 of The Dungeons of Doom. On T:4417 you advanced to experience level 6. On T:4856 you reached level 4 of Sokoban. On T:5630 you reached level 8 of The Dungeons of Doom. On T:5940 you advanced to experience level 7. On T:6709 you reached level 3 of Sokoban. On T:7808 you reached level 2 of Sokoban. On T:8310 you reached level 1 of Sokoban. On T:10293 you reached level 2 of The Gnomish Mines. On T:10300 you advanced to experience level 8. Score breakdown: Gold: 1503 (10807 points) Experience: 8 levels (14739 points) Exploration: 8 levels ( 15.38%) (11114 points) Discoveries: 21 items ( 7.50%) ( 8215 points) Valuables value: (no points given unless you survive) Artifact value: 0 ( 0 points) Variety of kills: 67 monsters ( 17.59%) (12580 points) Turncount: 10315 turns (-2424 points) Survival: died (score multiplied by 80%) Total score: 44024 Latest messages: The pony kicks! The pony misses. The soldier ant bites! The soldier ant misses. The soldier ant bites! The soldier ant stings! You feel better. The pony kicks! The pony bites! The soldier ant misses. (2x) The soldier ant bites! The soldier ant stings! The pony kicks! The pony bites! Nothing seems to happen. The pony kicks! The pony bites! The soldier ant bites! The soldier ant misses. (2x) The soldier ant stings! You die... Final status: Goodbye and the Monk, killed by a soldier ant... You died in The Gnomish Mines on dungeon level 5 with 44024 points, and 1503 pieces of gold, after 10315 moves. You were level 8 with a maximum of 54 hit points when you died.